 Dungeon Crawl Stone Soup version 0.21.0 (webtiles) character file.

658 Coron the Covered (level 7, -4/58 HPs)
             Began as a Deep Dwarf Arcane Marksman on Jan 7, 2018.
             Slain by an ogre
             ... wielding a cursed -3 giant spiked club
              (10 damage)
             ... on level 4 of the Dungeon.
             The game lasted 00:14:54 (3030 turns).

Coron the Covered (Deep Dwarf Arcane Marksman)      Turns: 3030, Time: 00:14:54

Health: -4/58      AC: 11    Str: 16    XL:     7   Next: 30%
Magic:  7/7        EV:  8    Int: 13    God:
Gold:   133        SH:  0    Dex: 13    Spells: 7/8 levels left

rFire    . . .     SeeInvis .   l - +0 hand axe (vamp)
rCold    . . .     Gourm    .   (no shield)
rNeg     . . .     Faith    .   x - +0 chain mail
rPois    .         Spirit   .   (no helmet)
rElec    .         Reflect  .   j - +0 cloak
rCorr    .         Harm     .   (no gloves)
MR       +....                  (no boots)
Stlth    ..........             (no amulet)
HPRegen  0.00/turn              (no ring)
MPRegen  0.10/turn              (no ring)

@: non-regenerating
A: damage resistance, heal wounds, sense surroundings 1, no regeneration
a: Heal Wounds


You were on level 4 of the Dungeon.
You were not hungry.

You visited 1 branch of the dungeon, and saw 4 of its levels.

You collected 133 gold pieces.

Inventory:

Hand Weapons
 a - a +0 hand crossbow
 l - a +0 vampiric hand axe (weapon)
 v - a +3 war axe
Missiles
 d - 72 bolts
Armour
 e - a +0 robe
 i - a +0 scale mail
 j - a +0 cloak (worn)
 r - a +3 leather armour of poison resistance
 x - a +0 chain mail (worn)
Jewellery
 y - an uncursed amulet of magic regeneration
Scrolls
 g - a scroll of fear
 k - a scroll of remove curse
 o - 3 scrolls of teleportation
 p - a scroll of noise
 s - a scroll of immolation {unknown}
 u - a scroll of enchant armour {unknown}
 w - 2 scrolls of enchant weapon {unknown}
Potions
 h - a potion of cancellation {unknown}
 m - 3 potions of curing
 n - 2 potions of brilliance {unknown}
 q - 3 potions of flight
 t - a potion of ambrosia {unknown}
 z - 2 potions of degeneration {unknown}
Books
 c - a book of Debilitation

   Spells                             Type                      Level
   a - Corona                         Hexes                        1
   b - Slow                           Hexes                        2
   c - Inner Flame                    Hexes/Fire                   3
   d - Portal Projectile              Hexes/Translocation          3
   e - Cause Fear                     Hexes                        4
   f - Leda's Liquefaction            Hexes/Earth                  4
Comestibles
 b - 8 chunks of flesh
 f - 5 rations


   Skills:
 + Level 1.8 Fighting
 + Level 5.4 Axes
 - Level 2.4 Crossbows
 + Level 5.6 Armour
 - Level 2.4 Dodging
 - Level 1.2 Spellcasting
 - Level 2.5 Hexes


You had 7 spell levels left.
You knew the following spells:

 Your Spells              Type           Power        Failure   Level  Hunger
a - Corona                Hex            #......      80%         1    ##.....


Dungeon Overview and Level Annotations

Branches:
Dungeon (4/15)
 Temple: D:4-7

Altars:
Elyvilon
Fedhas
Nemelex Xobeh
Qazlal
Ru
Vehumet


Innate Abilities, Weirdness & Mutations

You are resistant to damage.
You can heal yourself by infusing magical energy.
You passively map a small area around you.
You do not regenerate.


Message History

The ogre is lightly wounded.
You hit the ogre.
You feel better.
The ogre is lightly wounded.
The ogre barely misses you.
You hit the ogre but do no damage.
The ogre is lightly wounded.
The ogre barely misses you.
You barely miss the ogre.
The ogre is lightly wounded.
The ogre hits you with a giant spiked club!
You barely miss the ogre.
The ogre is lightly wounded.
You hit the ogre but do no damage.
The ogre is lightly wounded.
The ogre hits you with a giant spiked club!!
* * * LOW HITPOINT WARNING * * *
You hit the ogre.
You feel better.
The ogre is moderately wounded.
The ogre hits you with a giant spiked club!
You die...

#.## #....#
##..)...........
#..#########
#####.....####.#
##........#
#............... ########.#
##.#.......####.# #.#
#..#.##....# #.#
#.###.#..##....# #.#
#########.#.....#####.##
#.. #####......##.#..#####
#..# #..
#...#..........O@##...*#.##
#.. #...#......###.##..(#
#.# #..
#.................######.#
#..
#........................##
#..
#................#.####...#
#>.
#.................>.(.....#
##..
....#.######.###>.........#
#... #####..#####.#
####.......# #...
..........##.#
#..##...####...


You could see an ogre.

Vanquished Creatures
  Grinder (D:3)
  2 ogres (D:4)
  A scorpion (D:4)
  2 centaur skeletons (D:4)
  An iguana (D:4)
  A hound skeleton (D:4)
  6 adders
  An ooze (D:1)
  3 worms
  A dart slug (D:1)
  2 leopard geckos (D:2)
  6 orcs
  A ball python (D:4)
  6 bats
  2 giant cockroaches
  7 goblins
  8 hobgoblins
  7 jackals
  2 quokkas (D:2)
  11 frilled lizards
  7 kobolds
  6 rats
84 creatures vanquished.

Notes
Turn   | Place    | Note
-------+----------+-------------------------------------------
     0 | D:1      | Coron the Deep Dwarf Arcane Marksman began the quest for the Orb.
     0 | D:1      | Reached XP level 1. HP: 16/16 MP: 2/2
    35 | D:1      | Reached skill level 1 in Fighting
   141 | D:1      | Reached XP level 2. HP: 23/25 MP: 3/3
   378 | D:1      | Reached skill level 1 in Armour
   430 | D:1      | Reached XP level 3. HP: 29/31 MP: 4/4
   692 | D:2      | Reached skill level 1 in Axes
   834 | D:2      | Reached XP level 4. HP: 30/38 MP: 5/5
  1809 | D:3      | Found a white marble altar of Elyvilon.
  1809 | D:3      | Found a radiant altar of Vehumet.
  1812 | D:3      | Found a stormy altar of Qazlal.
  1854 | D:3      | Noticed Grinder
  1904 | D:3      | Paralysed by Grinder for 6 turns
  1932 | D:3      | Paralysed by Grinder for 6 turns
  1939 | D:3      | Killed Grinder
  1939 | D:3      | Reached XP level 5. HP: 20/44 MP: 6/6
  1939 | D:3      | Reached XP level 6. HP: 24/51 MP: 7/7
  1979 | D:3      | Found a blossoming altar of Fedhas.
  1984 | D:3      | Found a sacrificial altar of Ru.
  2062 | D:3      | Found a sparkling altar of Nemelex Xobeh.
  2063 | D:3      | Found a blossoming altar of Fedhas.
  2527 | D:4      | HP: 1/51 [ogre/giant club (18)]
  2532 | D:4      | Reached skill level 5 in Armour
  2753 | D:4      | Reached skill level 5 in Axes
  2753 | D:4      | Reached XP level 7. HP: 39/57 MP: 7/7
  3030 | D:4      | Slain by an ogre

Skill      XL: |  1  2  3  4  5  6 |
---------------+-------------------+-----
Fighting       | 1 |  1.8
Armour         | 1 2 4 5 |  5.6
Axes           | 1 4 5 |  5.4
Crossbows      | |  2.4
Dodging        | |  2.4
Spellcasting   | |  1.2
Hexes          | |  2.5

Action                   |  1- 3 |  4- 6 |  7- 9 || total
-------------------------+-------+-------+-------++-------
Melee: Hand axe          |    97 |   248 |    52 ||   397
 Fire: Hand crossbow     |    34 |       |       ||    34
 Abil: Heal Wounds       |       |     6 |       ||     6
  Use: Scroll            |       |     6 |     1 ||     7
  Eat: Ration            |     1 |       |       ||     1
       Chunk             |     1 |     6 |     2 ||     9
Armor: Robe              |    29 |     3 |       ||    32
       Leather armour    |       |    69 |       ||    69
       Chain mail        |       |    12 |    27 ||    39
Dodge: Dodged            |    97 |   150 |    16 ||   263
